 Dungeon Crawl Stone Soup version 0.30-a0-4-ga7cffc901d (webtiles) character file.

Game seed: 11034306288318805620

571 Setbun the Slicer (level 7, -2/40 HPs)
             Began as a Kobold Brigand on Aug 21, 2022.
             Slain by a wyvern (17 damage)
             ... on level 5 of the Dungeon.
             The game lasted 00:04:42 (3643 turns).

Setbun the Slicer (Kobold Brigand)                  Turns: 3643, Time: 00:04:43

Health: -2/40      AC:  2    Str:  8    XL:     7   Next: 60%
Magic:  7/7        EV: 14    Int: 12    God:
Gold:   338        SH:  0    Dex: 19    Spells: 6/6 levels left

rFire   . . .      SeeInvis .    a - +2 dagger
rCold   . . .      Faith    .    (no shield)
rNeg    . . .      Spirit   .    b - +0 robe
rPois   .          Reflect  .    (no helmet)
rElec   .          Harm     .    w - scarf {shadows}
rCorr   .          Rampage  .    (no gloves)
Will    .....                    (no boots)
Stlth   ++++......               k - amulet of the acrobat
HPRegen 0.13/turn                o - +4 ring of slaying
MPRegen 0.10/turn                (no ring)

@: about to teleport
A: small, no large weapons, nightstalker 3
a: no special abilities


You were on level 5 of the Dungeon.
You visited 1 branch of the dungeon, and saw 5 of its levels.

You collected 338 gold pieces.

Inventory:

Hand Weapons
 a - a +2 dagger (weapon)
Missiles
 d - 15 poisoned darts (quivered)
 e - 3 curare-tipped darts
Armour
 b - a +0 robe (worn)
 w - a scarf of shadows (worn)
Jewellery
 c - an amulet of reflection
 k - an amulet of the acrobat (around neck)
 o - a +4 ring of slaying (left hand)
 x - a ring of willpower
Wands
 p - a wand of paralysis (7)
 s - a wand of flame (21)
Scrolls
 i - 6 scrolls of identify
 j - 2 scrolls of enchant armour
 n - a scroll of blinking {unknown}
 q - 2 scrolls of butterflies {unknown}
 t - a scroll of noise {unknown}
 u - a scroll of amnesia {unknown}
Potions
 f - 3 potions of brilliance {unknown}
 h - a potion of mutation {unknown}
 m - 2 potions of degeneration {unknown}
 r - a potion of haste {unknown}
 v - a potion of ambrosia {unknown}
 z - a potion of heal wounds {unknown}


   Skills:
 - Level 2.1 Fighting
 * Level 10.3 Short Blades
 - Level 2.1 Throwing
 - Level 1.2 Dodging
 - Level 5.3 Stealth


You had 6 spell levels left.
You didn't know any spells.
Your spell library contained the following spells:

 Spells                   Type           Power      Damage    Failure   Level
 Ensorcelled Hibernation  Hex/Ice        0%         N/A       45%         2
 Passwall                 Tmut/Erth      0%         N/A       45%         2
 Dazzling Flash           Conj/Hex       0%         N/A       69%         3
 Swiftness                Air            0%         N/A       69%         3
 Iskenderun's Mystic Bla  Conj/Tloc      0%         2d3       97%         4
 Starburst                Conj/Fire      0%         6d3       100%        6


Dungeon Overview and Level Annotations

Branches:
Dungeon (5/15)
 Temple: D:4-7

Altars:
Ashenzari
Okawaru
Sif Muna

Shops:
D:3 !*


Innate Abilities, Weirdness & Mutations

You are small and have problems with some larger weapons.
You are completely attuned to the shadows.


Message History

The ufetubus hits you.
You barely miss the ufetubus. You closely miss the ufetubus.
The ufetubus barely misses you. The ufetubus closely misses you.
You puncture the ufetubus!
You kill the ufetubus!
You start resting.
HP restored.
Found a stone staircase leading down.
There is a stone staircase leading down here.
z - a ruby potion You now have 327 gold pieces (gained 9).
Found 3 stones.
You now have 338 gold pieces (gained 11).
A white imp comes into view.
There is an empty arch of ancient stone here.
You see here 3 stones.
Found 7 stones.
You see here 7 stones.
A white imp comes into view.
The white imp shouts!
You hear an angry hiss. x2
A wyvern comes into view.
There are monsters nearby!
There are monsters nearby!
The wyvern attacks as you move away! The wyvern completely misses you.
The wyvern bites you!
Okay, then.
As you read the scroll labelled SECED WANEGG, it crumbles to dust.
You feel aware of your surroundings.
It was a scroll of magic mapping.
The wyvern barely misses you.
As you read the scroll labelled SYWYGGOA ZORCHU, it crumbles to dust.
It is a scroll of identify.
j - 2 scrolls of enchant armour The wyvern closely misses you.
The wyvern completely misses you. The white imp gestures at you.
The puff of frost hits you!
As you read the scroll labelled DUNEEJ EBRYTIU, it crumbles to dust.
You feel strangely unstable.
It was a scroll of teleportation.
The wyvern bites you!
You die...

,,,,,,,,,*,*,,,,,,..#.# *####
,*,,,,,*,*,,,,*,,,....####***....
,,,,,***,*,,,*,,,,...............
,*,,,,,,,*,♣♣....................
,*,,,,***,,.........##........5..
,,,,*****,*.>......##............
,,,** *,,*#..<...##..##.........
,,*** **,**####..###.###.........
,,,,***,,* #.@##.)###.#.(.....
,,*,,,,,** #.5l...#(..#.......
,,,,***** **#........#####.....
,,,,,,* **....#...### #.#...
,,***,* *,.#..#...♣,* #.#... ,,*
*,******,**,...⌠...#***#.....
*,***,**,<,,,,,,.#......,.####...
*,,*,,,,,****,,,,..P...#*.....##.
**,,,,,*** *,,**,,,,**,,...#....


You could see a wyvern and a white imp.

Vanquished Creatures
  A black bear (D:5)
  2 necrophages (D:4)
  4 hounds
  An orc priest (D:3)
  An iguana (D:5)
  2 orc wizards
  2 adders
  2 shadow imps (D:5)
  A white imp (D:5)
  An ufetubus (D:5)
  2 worms
  A dart slug (D:2)
  10 orcs
  4 ball pythons
  4 bats
  9 endoplasms
  4 giant cockroaches
  5 goblins
  4 hobgoblins
  2 jackals (D:2)
  A quokka (D:3)
  2 kobolds (D:3)
  9 rats
74 creatures vanquished.

Vanquished Creatures (others)
  A demonic plant (D:5)
1 creature vanquished.

Grand Total: 75 creatures vanquished

Notes
Turn   | Place    | Note
-------+----------+-------------------------------------------
     0 | D:1      | Setbun the Kobold Brigand began the quest for the Orb.
     0 | D:1      | Reached XP level 1. HP: 12/12 MP: 1/1
    95 | D:1      | Reached skill level 3 in Short Blades
   199 | D:1      | Found a faded altar of an unknown god.
   256 | D:1      | Reached XP level 2. HP: 17/17 MP: 2/2
   458 | D:1      | Reached skill level 4 in Short Blades
   805 | D:2      | Reached XP level 3. HP: 21/21 MP: 3/3
   856 | D:2      | Reached skill level 5 in Short Blades
  1174 | D:3      | Reached XP level 4. HP: 26/26 MP: 4/4
  1309 | D:3      | Found Ydoe's Distillery.
  1356 | D:3      | Found an iron altar of Okawaru.
  1377 | D:3      | Reached skill level 6 in Short Blades
  1458 | D:3      | Reached XP level 5. HP: 30/30 MP: 5/5
  1515 | D:3      | Found Soext's Assorted Antiques.
  1624 | D:3      | Found a broken altar of Ashenzari.
  1655 | D:3      | Found a shimmering blue altar of Sif Muna.
  2053 | D:4      | Reached skill level 7 in Short Blades
  2387 | D:4      | Reached XP level 6. HP: 31/35 MP: 6/6
  2513 | D:4      | Reached skill level 8 in Short Blades
  2714 | D:4      | Reached skill level 9 in Short Blades
  2822 | D:4      | Reached XP level 7. HP: 33/40 MP: 7/7
  3248 | D:5      | Entered Level 5 of the Dungeon
  3302 | D:5      | Reached skill level 10 in Short Blades
  3636 | D:5      | Noticed a wyvern
  3643 | D:5      | Slain by a wyvern

Illustrated notes

Levels and vault maps discovered:
D:1:      tarquinn_simple_flora_water_e, layout_loops_ring,
          ebering_ecumenical_altar_mist, chequers_decorated_corner,
          hangedman_decor_growths
D:2:      layout_rooms, mrwooster_statue_mirror
D:3:      layout_basic, okawaru_trees_1, evilmike_ruin_ashenzari,
          amcnicky_altar_gilded, serial_shops,
          nicolae_shop_temple_entry_statues_fountains, nicolae_square_shop
D:4:      layout_cave_pools
D:5:      layout_rooms, serial_demonic, serial_demonic_b, serial_demonic_b,
          serial_demonic_d, serial_demonic_c, serial_demonic_d,
          serial_demonic_e, serial_demonic_a, lemuel_another_geyser

Skill      XL: |  1  2  3  4  5  6  7 |
---------------+----------------------+-----
Short Blades   | 3 4 5 6 7 9 10 | 10.3
Fighting       | |  2.1
Throwing       | |  2.1
Dodging        | |  1.2
Stealth        | |  5.3

Action                   |  1- 3 |  4- 6 |  7- 9 || total
-------------------------+-------+-------+-------++-------
Melee: Dagger            |    41 |   110 |    30 ||   181
       Punch             |       |       |     1 ||     1
  Use: Scroll            |       |       |     3 ||     3
 Stab: Sleeping          |    20 |    15 |     5 ||    40
       Distracted        |       |     1 |       ||     1
Armor: Robe              |     5 |    13 |       ||    18
Dodge: Dodged            |    13 |    75 |    14 ||   102

Table legend: (Time is in decaauts)
 A = Elapsed time spent in this place.
 B = Non-inter-level travel time spent in this place.
 C = Inter-level travel time spent in this place.
 D = Time resting spent in this place.
 E = Time spent auto-exploring this place.
 F = Levels seen in this place.
 G = Mean time per level.
                   A        B        C        D        E       F      G
               +--------+--------+--------+--------+--------+-----+--------+
         Total |   3578 |   3420 |    158 |    583 |   2329 |   5 |  715.6 |
       Dungeon |   3578 |   3420 |    158 |    583 |   2329 |   5 |  715.6 |
               +--------+--------+--------+--------+--------+-----+--------+

Top non-repeatable levels by time:
     D:3: 1134 daAuts
     D:4: 924 daAuts
     D:1: 794 daAuts
     D:5: 379 daAuts
     D:2: 345 daAuts
